 Dungeon Crawl Stone Soup version 0.25.1-2-g60ff931df9 (webtiles) character file.

Game seed: 8732396326335488891

704201 Kaptain the Ruinous (level 27, -16/182 HPs)
             Began as a Gargoyle Earth Elementalist on Sept 7, 2020.
             Killed from afar by an orb of fire (18 damage)
             ... with a fireball
             ... on level 5 of the Realm of Zot on Sept 9, 2020.
             The game lasted 12:07:22 (98971 turns).

Kaptain the Ruinous (Gargoyle Earth Elementalist)  Turns: 98971, Time: 12:07:22

Health: -16/182    AC: 50    Str: 16 (17) XL:     27
Magic:  26/68      EV:  9    Int: 24 (25) God:
Gold:   8638       SH:  0    Dex: 12      Spells: 10/72 levels left

rFire    + + .     SeeInvis +   r - +3 rapier "Kurrofaj" {venom, *Slow rF+++ MR++}
rCold    + + .     Gourm    .   g - +0 kite shield
rNeg     + . .     Faith    .   I - +0 ice dragon scales
rPois    ∞         Spirit   .   L - +2 helmet {SInv}
rElec    +         Reflect  .   w - +0 cloak {MR+}
rCorr    .         Harm     .   N - +2 pair of gloves {Str+3}
MR       +++++                  z - +1 pair of boots
Stlth    ..........             u - amulet of magic regeneration
HPRegen  0.40/turn              Z - ring of magical power
MPRegen  0.66/turn              M - ring of magical power

@: confused, sluggish, flying, hasted, studying Ice Magic, quick
A: big wings, agile 1, deterioration 1, dopey 1, negative energy resistance 1,
electricity resistance, unbreathing, petrification resistance, rot immunity,
subdued magic 1, AC +20
}: 3/15 runes: decaying, silver, gossamer
a: Stop Flying


You were on level 5 of the Realm of Zot.
You were not hungry.

You visited 14 branches of the dungeon, and saw 59 of its levels.
You also visited: Ossuary, Ice Cave and Volcano.

You collected 9538 gold pieces.
You spent 900 gold pieces at shops.

Inventory:

Hand Weapons
 o - the +6 Majin-Bo {vamp, Archmagi MP+6 Int+6}
   (You found it on level 2 of the Depths)

   It inflicts no extra harm, but heals its wielder when it wounds a living foe.
   It affects your intelligence (+6).
   It affects your magic capacity (+6).
 r - the +3 rapier "Kurrofaj" (weapon) {venom, *Slow rF+++ MR++}
   (You found it on level 8 of the Dungeon)

   It poisons the flesh of those it strikes.
   It renders you almost immune to fire.
   It affects your resistance to hostile enchantments.
   It may slow you when you take damage.
 A - the +8 falchion "Inequgg" {speed, MP+9}
   (You took it off a deep elf demonologist on level 2 of the Elven Halls)

   Attacks with this weapon are significantly faster.
   It affects your magic capacity (+9).
 Q - the +9 flail of Obsession {vorpal, rC+ MR+ Dex+2}
   (You found it on level 4 of the Depths)

   It inflicts extra damage upon your enemies.
   It affects your dexterity (+2).
   It protects you from cold.
   It affects your resistance to hostile enchantments.
Missiles
 e - 540 stones (quivered)
Armour
 g - a +0 kite shield (worn)
 w - a +0 cloak of magic resistance (worn)
 z - a +1 pair of boots (worn)
 I - +0 ice dragon scales (worn)
 L - a +2 helmet of see invisible (worn)
 N - a +2 pair of gloves of strength (worn)
 R - the +5 leather armour of Xitazy {MR++ rCorr Int+4 Stlth-}
   (You found it on level 10 of the Dungeon)

   It affects your intelligence (+4).
   It affects your resistance to hostile enchantments.
   It provides partial protection from all sources of acid and corrosion.
   It makes you less stealthy.
Magical Staves
 O - an uncursed staff of conjuration
 U - an uncursed staff of wizardry
 V - an uncursed staff of energy
Jewellery
 m - a +6 ring of intelligence
 u - an amulet of magic regeneration (around neck)
 v - an uncursed ring of wizardry
 M - a ring of magical power (right hand)
 Z - a ring of magical power (left hand)
Wands
 l - a wand of digging (19)
 C - a wand of acid (58)
 P - a wand of iceblast (74)
Scrolls
 f - 21 scrolls of teleportation
 k - 11 scrolls of enchant armour
 n - 7 scrolls of magic mapping
 p - 8 scrolls of immolation
 q - 23 scrolls of remove curse
 s - 5 scrolls of fog
 x - 12 scrolls of enchant weapon
 y - 10 scrolls of identify
 G - 4 scrolls of fear
 J - 2 scrolls of amnesia
 K - 8 scrolls of blinking
 X - a scroll of holy word
Potions
 a - 4 potions of brilliance
 c - 19 potions of curing
 i - 4 potions of ambrosia
 B - 9 potions of mutation
 D - a potion of might
 H - 6 potions of resistance
 S - 3 potions of cancellation
 T - 2 potions of magic
 W - 4 potions of invisibility
Books
 F - a manual of Ice Magic
Miscellaneous
 b - 4 phantom mirrors
 h - the horn of Geryon
Comestibles
 d - 47 rations


   Skills:
 + Level 21.2 Fighting
 * Level 19.8 Armour
 - Level 1.6 Dodging
 - Level 8.1 Stealth
 - Level 10.0 Shields
 * Level 23.2 Spellcasting
 * Level 26.4 Conjurations
 - Level 0.7 Transmutations
 + Level 16.2 Fire Magic
 - Level 1.8 Ice Magic
 - Level 22.0 Earth Magic
 - Level 4.7 Evocations


You had 10 spell levels left.
You knew the following spells:

 Your Spells              Type           Power        Failure   Level  Hunger
a - Sandblast             Erth           ######       0%          1    None
b - Passwall              Tmut/Erth      ######..     1%          2    None
c - Stone Arrow           Conj/Erth      ######       0%          3    None
d - Shatter               Erth           #######...   54%         9    #######
e - Lee's Rapid Deconstr  Erth           #######...   0%          5    None
f - Swiftness             Chrm/Air       ###.....     8%          2    None
g - Shroud of Golubria    Chrm/Tloc      ###...       8%          2    None
h - Iskenderun's Mystic   Conj/Tloc      ######..     1%          4    None
i - Orb of Destruction    Conj           #######...   1%          7    ####...
j - Bolt of Magma         Conj/Fire/Erth #######...   0%          5    None
k - Iron Shot             Conj/Erth      #######...   1%          6    None
l - Hailstorm             Conj/Ice       ######..     1%          4    None
m - Blink                 Tloc           N/A          8%          2    None
n - Animate Skeleton      Necr           N/A          4%          1    None
o - Fire Storm            Conj/Fire      #######...   67%         9    #######

Your spell library contained the following spells:

 Spells                   Type           Power        Failure   Level  Hunger
 Foxfire                  Conj/Fire      ####         0%          1    None
 Magic Dart               Conj           ####         0%          1    None
 Shock                    Conj/Air       ####         0%          1    None
 Searing Ray              Conj           ######       0%          2    None
 Conjure Flame            Conj/Fire      #######.     0%          3    None
 Sticky Flame             Conj/Fire      #######.     0%          4    None
 Fireball                 Conj/Fire      #######...   0%          5    None
 Dazzling Flash           Conj/Hex       ######       1%          3    None
 Ignite Poison            Fire/Tmut/Pois #####...     1%          3    None
 Inner Flame              Hex/Fire       ######..     1%          3    None
 Mephitic Cloud           Conj/Pois/Air  ######..     1%          3    None
 Static Discharge         Conj/Air       ######..     1%          3    None
 Fulminant Prism          Conj/Hex       ######....   1%          4    None
 Leda's Liquefaction      Hex/Erth       ######....   1%          4    None
 Petrify                  Tmut/Erth      ######..     1%          4    None
 Irradiate                Conj/Tmut      ######....   1%          5    None
 Iskenderun's Battlesphe  Conj/Chrm      ######..     1%          5    None
 Lightning Bolt           Conj/Air       ######....   1%          5    None
 Starburst                Conj/Fire      #######...   1%          6    None
 Lehudib's Crystal Spear  Conj/Erth      #######...   1%          8    #####..
 Freeze                   Ice            ####         2%          1    None
 Apportation              Tloc           ###...       4%          1    None
 Corona                   Hex            ###....      4%          1    None
 Infusion                 Chrm           ###.         4%          1    None
 Pain                     Necr           ###.         4%          1    None
 Sting                    Tmut/Pois      ###.         4%          1    None
 Summon Butterflies       Summ           ###.....     4%          1    None
 Summon Small Mammal      Summ           ###.         4%          1    None
 Ensorcelled Hibernation  Hex/Ice        ###...       5%          2    None
 Frozen Ramparts          Ice            ####..       7%          3    None
 Call Imp                 Summ           ###.....     8%          2    None
 Corpse Rot               Necr/Air       N/A          8%          2    None
 Slow                     Hex            ###.....     8%          2    None
 Song of Slaying          Chrm           ###.....     8%          2    None
 Ozocubu's Armour         Chrm/Ice       ###.....     11%         3    None
 Call Canine Familiar     Summ           ###.....     16%         3    None
 Confusing Touch          Hex            ###.....     16%         3    None
 Gell's Gravitas          Tloc           ###.......   16%         3    None
 Lesser Beckoning         Tloc           ###.......   16%         3    None
 Portal Projectile        Hex/Tloc       ###...       16%         3    None
 Recall                   Summ/Tloc      N/A          16%         3    None
 Spectral Weapon          Hex/Chrm       ###.....     16%         3    None
 Summon Guardian Golem    Hex/Summ       ###.....     16%         3    None
 Teleport Other           Tloc           ###.....     16%         3    None
 Tukima's Dance           Hex            ###.....     16%         3    None
 Vampiric Draining        Necr           ###.......   16%         3    None
 Spellforged Servitor     Conj/Summ      ######....   21%         7    ####...
 Ice Form                 Ice/Tmut       ####....     32%         4    None
 Summon Ice Beast         Ice/Summ       ###.....     36%         4    None
 Ignition                 Fire           ######....   43%         8    #####..
 Airstrike                Air            ###.......   50%         4    None
 Animate Dead             Necr           N/A          50%         4    None
 Cause Fear               Hex            ###.......   50%         4    None
 Dispel Undead            Necr           ###.....     50%         4    None
 Passage of Golubria      Tloc           N/A          50%         4    None
 Summon Lightning Spire   Summ/Air       ###.....     50%         4    None
 Metabolic Englaciation   Hex/Ice        ###.......   73%         5    None
 Alistair's Intoxication  Tmut/Pois      ###.....     80%         5    None
 Yara's Violent Unravell  Hex/Tmut       ###.......   80%         5    None
 Agony                    Necr           ###.....     85%         5    None
 Aura of Abjuration       Summ           ###.......   85%         5    None
 Excruciating Wounds      Chrm/Necr      ###.......   85%         5    None
 Summon Demon             Summ           ###.......   85%         5    None
 Summon Forest            Summ/Tloc      ###.......   85%         5    None
 Summon Mana Viper        Hex/Summ       ###.....     85%         5    None
 Ring of Flames           Chrm/Fire      ######....   86%         7    ####...
 Chain Lightning          Conj/Air       ######....   86%         8    #####..
 Simulacrum               Ice/Necr       ###.......   99%         6    None
 Darkness                 Hex            ###.......   100%        6    None
 Eringya's Noxious Bog    Tmut/Pois      ###.......   100%        6    None
 Hydra Form               Tmut           ###.......   100%        6    None
 Invisibility             Hex            ###.....     100%        6    None
 Shadow Creatures         Summ           N/A          100%        6    None
 Dragon Form              Tmut           ###.......   100%        7    ####...
 Malign Gateway           Summ/Tloc      ###.......   100%        7    ####...
 Summon Hydra             Summ           ###.......   100%        7    ####...
 Absolute Zero            Ice            ####......   100%        9    #######
 Dragon's Call            Summ           ###.......   100%        9    #######
 Tornado                  Air            ###.......   100%        9    #######
 Statue Form              Tmut/Erth      Unusable     N/A         6    N/A
 Sublimation of Blood     Necr           Unusable     N/A         2    N/A

Dungeon Overview and Level Annotations

Branches:
Dungeon (15/15)            Temple (1/1) D:7            Lair (6/6) D:10
  Swamp (4/4) Lair:2       Spider (4/4) Lair:3        Slime (0/5) Lair:5
    Orc (2/2) D:11            Elf (3/3) Orc:2        Vaults (5/5) D:13
  Crypt (0/3) Vaults:2     Depths (5/5) D:15           Hell (visited)
    Dis (3/7) Hell            Geh (4/7) Hell            Coc (1/7) Hell
    Tar (0/7) Hell            Zot (5/5) Depths:5    Ossuary (visited)
  IceCv (visited)         Volcano (visited)

Altars:
Ashenzari
Cheibriados
Dithmenos
Elyvilon
Fedhas
Gozag
Hepliaklqana
Kikubaaqudgha
Makhleb
Nemelex Xobeh
Okawaru
Qazlal
Ru
Sif Muna
Trog
Uskayaw
Vehumet
Wu Jian
Xom
Yredelemnul
Zin
The Shining One
Beogh
Jiyva

Shops:
D:4 [   D:6 =   D:12 %   Orc:2 !?(:   Elf:1 =[%   Elf:2 **   Elf:3 *
Vaults:1 *   Vaults:2 (   Depths:2 %[*   Depths:3 =}=   Depths:4 [

Portals:
Hell: Depths:1 Depths:2 Depths:3 Depths:4 Depths:5
Abyss: Depths:4
Pandemonium: Orc:2 Depths:1 Depths:3 Depths:5
Ziggurat: Depths:3

Annotations:
Lair:6 1 exclusion
Orc:2 1 runed translucent door
Abyss:1 Joseph


Innate Abilities, Weirdness & Mutations

You are resistant to torment.
Your stone body is resilient. (AC +20)
You are immune to poison.
Your large and strong wings let you fly indefinitely.
You resist negative energy. (rN+)
You are resistant to electric shocks. (rElec)
You can survive without breathing.
You are immune to petrification.
You are immune to rotting.
You are agile. (Dex +2)
Your body sometimes deteriorates upon taking damage.
You are dopey. (Int -2)
Your spells are a little easier to cast, but a little less powerful.


Message History

* * * LOW HITPOINT WARNING * * *
The orb of fire glows deep purple.
The bolt of fire hits you! You resist.
* * * LOW HITPOINT WARNING * * *
Okay, then.
Casting: Iron Shot (safe; 1% risk of failure)
Confirm with . or Enter, or press ? or * to list all spells.
Okay, then.
You are confused.
You feel invigorated.
The green draconian breathes poison at you.
The blast of poison engulfs the orb of fire.
The orb of fire completely resists.
You bump into the rock wall.
The orb of fire glows bright magenta.
The fireball explodes!
The fireball engulfs you!! You resist.
* * * LOW HITPOINT WARNING * * *
The orb of fire glows red.
The fireball explodes!
The fireball engulfs you!! You resist.
You die...

..#.....###........#
.)##...####...)....#
###.....##...○.)...#
#.....#.....☼#####
#...##.....##°## ##........####d#
# #.......## #*# ## #......#.##
#°# .###.....###.###@# ........##
##.##.# .........# ##.#.#
.........# ##..# ######...# ##.##
#### ##### ##.## ######### ...#
##)####...#..⌠# ..<#
######..)##...#...#
...##########...##..<##...#...###


You could see an orb of fire and a green draconian (catching breath).

Vanquished Creatures
  2 orbs of fire (Zot:5)
  3 ancient liches
  A juggernaut (Depths:4)
  3 Killer Klowns
  A shard shrike (Coc:1)
  the Lernaean hydra (Swamp:4)
  3 caustic shrikes
  A curse toe (Zot:4)
  8 golden dragons
  Jory (Vaults:2)
  Geryon (Hell)
  A Tzitzimitl (Dis:2)
  14 Brimstone Fiends
  2 iron giants
  A Hell Sentinel (Dis:2)
  Jorgrun (D:14)
  An Ice Fiend (Dis:2)
  A quicksilver dragon (shapeshifter) (Depths:4)
  16 tentacled monstrosities
  5 liches
  2 deep elf master archers (Elf:3)
  12 Orb Guardians (Zot:5)
  8 titans
  5 quicksilver dragons
  3 deep elf blademasters
  4 ancient champions
  Kirke (D:13)
  An Executioner (Dis:2)
  4 sphinxes
  4 death cobs
  Frances (Spider:1)
  17 shadow dragons
  3 tengu reavers
  7 storm dragons
  Donald (Swamp:2)
  A thorn hunter (Swamp:4)
  Roxanne (D:14)
  4 draconian monks
  2 draconian knights (Zot:2)
  13 fire giants
  8 balrugs
  7 draconian scorchers
  5 ghost moths
  8 frost giants
  3 orc warlords
  21 vault wardens
  12 deep elf sorcerers
  4 deep elf elementalists
  An angel (Elf:2)
  A caustic shrike zombie (Hell)
  6 draconian annihilators
  8 draconian stormcallers
  A curse skull (Hell)
  5 emperor scorpions
  3 spriggan defenders
  7 draconian shifters
  A ghoul (Vaults:3)
  13 ironheart preservers
  A war gargoyle (Vaults:5)
  17 reapers
  23 stone giants
  10 entropy weavers
  13 very ugly things
  4 vampire knights
  9 black draconians
  11 white draconians
  16 green draconians
  7 yellow draconians
  11 deep elf annihilators
  16 purple draconians
  6 deep elf demonologists
  Nessos (D:12)
  A dire elephant (shapeshifter) (Vaults:5)
  2 spark wasps (Spider:4)
  7 red draconians
  11 deep elf death magi
  21 ettins
  2 merfolk impalers (Depths:3)
  The ghost of Aluyxir the Cleaver, a journeyman DsBe of Trog (D:11)
  A blizzard demon (Hell)
  5 deep elf high priests
  5 jiangshi (Depths:2)
  Josephine (D:10)
  13 ogre magi
  2 quicksilver dragon zombies
  9 fire dragons
  4 great orbs of eyes
  Fannar (Lair:2)
  2 green deaths
  35 vault guards
  25 yaktaur captains
  The ghost of Texkoz the Slicer, a journeyman KoHu of Ru (D:11)
  The ghost of Relyufa the Cleaver, a journeyman GrFi of Okawaru (D:11)
  3 quicksilver dragon skeletons
  23 hydras
  11 ice dragons
  5 spriggan air magi
  Harold (D:8)
  3 hell beasts
  5 rakshasas
  17 alligators
  10 centaur warriors
  4 catoblepae
  4 tengu warriors
  2 death knights
  Erica (Lair:2)
  46 two-headed ogres
  4 titan zombies
  24 dancing weapons
  3 deep troll shamans
  4 vampire magi
  An alligator (shapeshifter) (Vaults:5)
  The ghost of doomsgape the Protected, a journeyman GrFi of Okawaru (Lair:2)
  25 hell hogs
  7 death yaks
  10 deep troll earth magi
  Urug (D:13)
  5 orc high priests (Orc:2)
  13 sun demons
  The ghost of Xeobumiy the Covert, a journeyman SpAE of Ru (D:11)
  18 deep elf knights
  7 spriggan berserkers
  30 slime creatures
  8 soul eaters
  4 storm dragon zombies
  40 skeletal warriors
  A shadow wraith (Vaults:4)
  4 sixfirhies
  3 golden dragon zombies
  60 hell knights
  2 iron trolls
  A small abomination (Elf:3)
  5 unseen horrors
  14 flayed ghosts
  6 large abominations
  2 anaconda zombies
  3 gelid demonspawn
  3 glowing orange brains
  A sea snake (shapeshifter) (Elf:2)
  2 storm dragon skeletons
  A torturous demonspawn (Orc:2)
  2 deep trolls (shapeshifter)
  24 deep elf archers
  41 deep trolls
  A shadow dragon zombie (Dis:1)
  An infernal demonspawn (Orc:2)
  19 ironbrand convokers
  4 phantasmal warriors
  4 orange crystal statues (Orc:2)
  6 wizards
  An iron dragon zombie (Geh:2)
  Pikel (D:5)
  13 swamp dragons
  14 orc knights
  A harpy (shapeshifter) (Vaults:2)
  23 necromancers
  5 fire giant zombies
  49 ugly things
  14 orb spiders
  31 wolf spiders
  2 shadow dragon skeletons
  2 anaconda skeletons
  5 stone giant zombies
  6 manticores
  A wolf spider zombie (Dis:1)
  66 deep elf magi
  8 orc sorcerers
  5 cyclopes
  2 fauns (shapeshifter)
  25 moths of wrath
  2 moths of wrath (shapeshifter)
  6 frost giant zombies
  The ghost of DildoBatman the Conjurer, a novice FoWz (D:6)
  3 stone giant skeletons
  4 frost giant skeletons
  7 black mambas
  2 guardian serpents (shapeshifter) (D:15)
  19 elephants
  2 shock serpent zombies
  6 fire giant skeletons
  7 smoke demons
  5 molten gargoyles
  20 vault sentinels
  11 rust devils
  A dire elephant zombie (Dis:2)
  2 iron dragon skeletons (Geh:3)
  2 ice statues
  4 gargoyles
  2 torpor snails
  20 spiny frogs
  A torpor snail (shapeshifter) (Vaults:1)
  A shock serpent skeleton (Geh:3)
  A spiny frog (shapeshifter) (D:14)
  7 efreet
  6 orange demons
  19 hellions
  A catoblepas zombie (Geh:2)
  4 rime drakes
  A dire elephant skeleton (Geh:3)
  5 komodo dragons
  3 yaktaur zombies
  A tengu conjurer (Depths:4)
  A kobold demonologist (Elf:1)
  A rime drake (shapeshifter) (D:15)
  16 tormentors
  60 yaktaurs
  7 demonic crawlers
  31 red devils
  17 freezing wraiths
  7 ice devils
  2 elves (Depths:2)
  A hellwing (Orc:2)
  6 trolls
  3 hydra zombies
  35 jumping spiders
  A jumping spider (shapeshifter) (Vaults:3)
  5 harpy zombies
  20 hornets
  A hydra skeleton (Geh:1)
  3 tyrant leeches
  A wolf spider simulacrum (IceCv)
  Prince Ribbit (D:7)
  2 wind drakes (shapeshifter)
  A hornet (shapeshifter) (D:15)
  5 hippogriffs
  A merfolk (shapeshifter) (Depths:5)
  An alligator zombie (Geh:1)
  12 blink frogs
  6 ice dragon zombies
  8 bog bodies
  2 deep troll zombies
  6 fire dragon zombies
  An iron dragon simulacrum (Depths:1)
  6 dream sheep
  3 spriggan zombies
  A fire giant simulacrum (Vaults:3)
  3 ettin zombies
  A fire dragon skeleton (Geh:2)
  45 flying skulls
  4 wyverns
  2 alligator skeletons
  3 black mamba zombies
  21 shadows
  A tarantella (shapeshifter) (Vaults:5)
  3 ettin skeletons
  101 redbacks
  2 spriggans (shapeshifter)
  The ghost of stil the Gusty, an amateur TeAE of Vehumet (D:4)
  11 water elementals
  21 wraiths
  2 vampires
  Eustachio (D:5)
  2 air elementals
  2 ice dragon skeletons
  3 hogs (D:13)
  2 spriggan skeletons
  35 tarantellas
  A yak (shapeshifter) (Depths:2)
  2 basilisks (shapeshifter)
  7 fire bats
  10 spriggans
  53 yaks
  A human simulacrum (Vaults:3)
  A chaos spawn (Depths:3)
  4 basilisks
  A black mamba skeleton (Geh:2)
  15 fire elementals
  17 humans
  14 vampire mosquitoes
  7 hungry ghosts
  4 wargs
  A death yak simulacrum (IceCv)
  Edmund (D:5)
  A monstrous demonspawn zombie (Dis:1)
  An acid dragon (D:15)
  2 soldier ants
  68 hell hounds
  18 swamp worms
  9 porcupines
  A spiny frog zombie (Geh:3)
  12 water moccasins
  2 floating eyes
  A hydra simulacrum (Hell)
  2 black bears
  A swamp drake (shapeshifter) (Depths:4)
  40 orc warriors
  2 slaves (Depths:2)
  2 spiny frog skeletons
  8 phantoms
  4 sky beasts
  A manticore zombie (Geh:1)
  6 ice beasts (IceCv)
  A swamp dragon zombie (Geh:3)
  An eye of draining (D:13)
  13 swamp drakes
  10 necrophages
  4 alligator simulacra
  2 eyes of draining (shapeshifter)
  18 centaurs
  35 ogres
  3 snapping turtle zombies
  14 wolves
  12 boggarts
  2 snapping turtle skeletons
  14 crocodiles
  A big kobold (D:4)
  4 elf zombies
  2 wyvern zombies
  21 bullfrogs
  7 earth elementals
  A glowing shapeshifter simulacrum (Vaults:2)
  A water moccasin zombie (D:8)
  2 wyvern skeletons
  5 scorpions
  15 killer bees
  A spectral wolf (Depths:2)
  110 wights
  5 howler monkeys
  A troll skeleton (Geh:1)
  8 electric eels
  10 crimson imps
  A bullfrog zombie (D:9)
  5 lava snakes (Volcano)
  5 quasits
  4 centaur zombies
  3 draconian simulacra (IceCv)
  3 hounds
  4 bullfrog skeletons
  5 human zombies
  2 jellies
  5 centaur skeletons
  29 orc priests
  7 iron imps
  23 orc wizards
  2 human skeletons
  3 iguanas
  5 worker ants
  Natasha (thrice) (D:2)
  A polar bear simulacrum (IceCv)
  4 spriggan simulacra (IceCv)
  6 troll simulacra (IceCv)
  3 centaur simulacra (IceCv)
  A tengu skeleton (Geh:2)
  A hound zombie (D:11)
  A hound skeleton (D:11)
  5 mummies
  4 worker ant zombies
  6 gnolls
  3 naga simulacra (IceCv)
  13 adders
  An ogre simulacrum (IceCv)
  3 shadow imps
  18 white imps
  An ooze (shapeshifter) (Depths:3)
  2 adder skeletons (D:4)
  3 worms
  4 dart slugs
  11 leopard geckos
  85 orcs
  7 bats
  12 giant cockroaches
  8 goblins
  6 hobgoblins
  3 jackals
  5 quokkas
  2 ball pythons
  5 frilled lizards
  4 gnoll zombies (Ossuary)
  2 hobgoblin zombies (Ossuary)
  A jackal skeleton (D:8)
  18 kobolds
  A kobold skeleton (Geh:3)
  A kobold zombie (Ossuary)
  An orc zombie (Geh:2)
  A quokka skeleton (D:7)
  7 rats
  2 crawling corpses (Vaults:5)
  3 fungi (Lair:6)
3128 creatures vanquished.

Vanquished Creatures (collateral kills)
  A golden dragon (Zot:3)
  2 tentacled monstrosities
  2 shadow dragons
  A storm dragon (Zot:3)
  A fire giant (Depths:2)
  An angel (Elf:2)
  A very ugly thing (Depths:3)
  A stone giant (Depths:4)
  An ironheart preserver (Vaults:3)
  An ettin (Depths:2)
  2 hell hogs (Geh:3)
  A vampire mage (Depths:2)
  An ugly thing (Depths:5)
  A deep elf mage (Elf:2)
  A freezing wraith (IceCv)
  A yaktaur (Depths:2)
  A jumping spider (Vaults:3)
  A human (Depths:2)
  2 fire elementals (Geh:3)
  A warg (Depths:2)
  An ogre (Depths:3)
  2 wolves (Depths:2)
  A boggart (Depths:2)
  A spectral wolf (Depths:2)
  A jelly (shapeshifter) (Depths:1)
  2 orcs (Depths:2)
32 creatures vanquished.

Vanquished Creatures (others)
  A quicksilver dragon (Zot:3)
  A black draconian (Zot:3)
  A hell hog (Geh:4)
  2 centaur skeletons
  A freezing wraith (D:15)
  3 dream sheep (D:15)
  2 shadows (Geh:3)
  A warg (Depths:2)
  A wight (Geh:2)
  A centaur zombie (Ossuary)
  2 giant cockroaches
  A quokka (D:6)
  14 fungi
  7 plants
38 creatures vanquished.

Grand Total: 3198 creatures vanquished

Notes
Turn   | Place    | Note
-------+----------+-------------------------------------------
     0 | D:1      | Kaptain the Gargoyle Earth Elementalist began the quest for
                  | the Orb.
     0 | D:1      | Reached XP level 1. HP: 10/10 MP: 3/3
   199 | D:1      | Reached XP level 2. HP: 16/16 MP: 3/5
   693 | D:1      | Reached XP level 3. HP: 20/20 MP: 3/6
   732 | D:1      | Reached skill level 1 in Fighting
  1293 | D:2      | Found a burning altar of Makhleb.
  1294 | D:2      | Reached skill level 1 in Armour
  1305 | D:2      | Reached XP level 4. HP: 10/25 MP: 0/8
  1742 | D:2      | Found a glowing silver altar of Zin.
  1743 | D:2      | Noticed an angel
  1977 | D:2      | Found an ornate altar of the Wu Jian Council.
  2061 | D:2      | You fall into a shaft and drop 1 floor!
  2089 | D:3      | Noticed a bullfrog
  2147 | D:3      | Reached XP level 5. HP: 7/30 MP: 5/9
  2451 | D:2      | Noticed Natasha
  2456 | D:2      | Killed Natasha
  2456 | D:2      | Reached skill level 5 in Earth Magic
  2485 | D:2      | Found a white marble altar of Elyvilon.
  2565 | D:2      | Noticed Natasha
  2571 | D:2      | Killed Natasha
  2679 | D:2      | Noticed Natasha
  2683 | D:2      | Learned a level 2 spell: Passwall
  2687 | D:2      | Learned a level 3 spell: Stone Arrow
  2691 | D:3      | Reached XP level 6. HP: 35/35 MP: 6/11
  2736 | D:2      | Killed Natasha
  3306 | D:3      | Reached skill level 1 in Conjurations
  3567 | D:3      | Found a sparkling altar of Nemelex Xobeh.
  3641 | D:4      | Found Cugutiurr's Antique Armour Shop.
  3677 | D:4      | Found a runed translucent gate.
  3677 | D:4      | Found a runed translucent gate.
  3677 | D:4      | Found a runed translucent gate.
  3678 | D:4      | Identified the +8 whip "Uczibeb" {venom, Str+2 Dex+2
                  | Stlth+}
  3684 | D:4      | Noticed stil's ghost (amateur TeAE)
  3806 | D:4      | Reached XP level 7. HP: 37/40 MP: 9/13
  4101 | D:5      | Entered Level 5 of the Dungeon
  4124 | D:5      | Reached skill level 2 in Conjurations
  4278 | D:5      | Noticed Eustachio
  4287 | D:5      | Killed Eustachio
  4414 | D:5      | Found a sacrificial altar of Ru.
  4542 | D:5      | Noticed Pikel
  4554 | D:5      | Reached skill level 3 in Conjurations
  4591 | D:5      | Killed Pikel
  4591 | D:5      | Reached skill level 5 in Spellcasting
  4591 | D:5      | Reached skill level 4 in Conjurations
  4591 | D:5      | Reached XP level 8. HP: 23/48 MP: 2/15
  4916 | D:5      | Noticed Edmund
  4927 | D:5      | Killed Edmund
  5325 | D:6      | Found a transporter.
  5326 | D:6      | Noticed DildoBatman's ghost (novice FoWz)
  5360 | D:6      | Found Rousaiv's Jewellery Emporium.
  5438 | D:6      | Reached skill level 5 in Conjurations
  5438 | D:6      | Reached XP level 9. HP: 52/52 MP: 10/17
  5685 | D:6      | Found a transporter.
  5954 | D:6      | Found a sand-covered staircase.
  5959 | Ossuary  | Entered an ossuary
  6222 | D:6      | Noticed a two-headed ogre
  6532 | D:7      | Noticed a hornet
  6537 | D:7      | Killed a hornet
  6555 | D:7      | Reached skill level 6 in Conjurations
  6670 | D:7      | Noticed Prince Ribbit
  6674 | D:7      | Killed Prince Ribbit
  6773 | D:7      | Found a staircase to the Ecumenical Temple.
  6790 | Temple   | Entered the Ecumenical Temple
  6916 | D:7      | Reached skill level 5 in Fighting
  6919 | D:7      | Reached skill level 5 in Armour
  7043 | D:7      | Found a snail-covered altar of Cheibriados.
  7043 | D:7      | Found a sparkling altar of Nemelex Xobeh.
  7044 | D:7      | Found a blossoming altar of Fedhas.
  7102 | D:7      | Reached XP level 10. HP: 59/59 MP: 16/20
  7188 | D:8      | Noticed Joseph
  7198 | D:8      | Banished Joseph
  7269 | D:8      | Learned a level 2 spell: Searing Ray
  7335 | D:8      | Reached skill level 7 in Conjurations
  7431 | D:8      | Found a shimmering blue altar of Sif Muna.
  7446 | D:8      | Identified Sif Muna's Tome of Toxins
  7522 | D:8      | Noticed Harold
  7538 | D:8      | Killed Harold
  7548 | D:8      | Reached skill level 10 in Earth Magic
  7797 | D:8      | Got a fine rapier
  7814 | D:8      | Identified the +3 rapier "Kurrofaj" {venom, *Slow rF+++
                  | MR++} (You found it on level 8 of the Dungeon)
  8197 | D:8      | Got a transparent long sword
  8744 | D:9      | Reached skill level 8 in Conjurations
  9242 | D:9      | Found a shimmering altar of Xom.
  9426 | D:10     | Entered Level 10 of the Dungeon
  9431 | D:10     | Reached XP level 11. HP: 64/64 MP: 12/23
  9686 | D:10     | Noticed Josephine
  9747 | D:10     | Killed Josephine
  9764 | D:10     | Reached skill level 9 in Conjurations
 10231 | D:10     | Got a scorched leather armour
 10232 | D:10     | Identified the cursed +3 long sword "Jyneip Japp" {freeze,
                  | Fragile rN++} (You found it on level 8 of the Dungeon)
 10243 | D:10     | Identified the +5 leather armour of Xitazy {MR++ rCorr
                  | Int+4 Stlth-} (You found it on level 10 of the Dungeon)
 10253 | D:10     | Learned a level 5 spell: Lee's Rapid Deconstruction
 10319 | D:10     | Found a staircase to the Lair.
 10804 | Lair:1   | Entered Level 1 of the Lair of Beasts
 11239 | Lair:1   | Noticed a five-headed hydra
 11246 | Lair:1   | Killed a five-headed hydra
 11477 | Lair:1   | Found a dark tunnel.
 11482 | Volcano  | Entered a volcano
 11733 | Volcano  | Found a burning altar of Makhleb.
 11733 | Volcano  | Noticed a two-headed ogre
 11733 | Volcano  | Noticed a two-headed ogre
 11733 | Volcano  | Noticed an ogre mage
 11733 | Volcano  | Noticed a two-headed ogre
 11738 | Volcano  | Killed a two-headed ogre
 11738 | Volcano  | Reached XP level 12. HP: 56/72 MP: 7/25
 11738 | Volcano  | Killed a two-headed ogre
 11738 | Volcano  | Reached skill level 10 in Conjurations
 11738 | Volcano  | Killed an ogre mage
 11739 | Volcano  | Killed a two-headed ogre
 11798 | Volcano  | Noticed a two-headed ogre
 11805 | Volcano  | Killed a two-headed ogre
 12776 | Lair:1   | Noticed an eight-headed hydra
 12780 | Lair:1   | Killed an eight-headed hydra
 13082 | Lair:2   | Noticed an eight-headed hydra
 13093 | Lair:2   | Killed an eight-headed hydra
 13149 | Lair:2   | Reached skill level 10 in Spellcasting
 13161 | Lair:2   | Noticed Fannar
 13170 | Lair:2   | Killed Fannar
 13170 | Lair:2   | Reached skill level 11 in Conjurations
 13344 | Lair:2   | Found a runed translucent gate.
 13354 | Lair:2   | Noticed a death yak
 13354 | Lair:2   | Noticed doomsgape's ghost (journeyman GrFi)
 13362 | Lair:2   | Found a runed translucent gate.
 13362 | Lair:2   | Found a runed translucent gate.
 13494 | Lair:2   | Noticed Erica
 13510 | Lair:2   | Killed Erica
 13564 | Lair:2   | Reached XP level 13. HP: 61/78 MP: 6/27
 13937 | Lair:2   | Found a staircase to the Swamp.
 14183 | Lair:2   | Got a faintly humming leather armour
 14194 | Lair:2   | Identified the +3 leather armour "Uwicw" {*Corrode *Drain
                  | rPois SInv} (You found it on level 2 of the Lair of Beasts)
 14435 | Lair:3   | Learned a level 1 spell: Sting
 14818 | Lair:3   | Got a wavering bone ring
 15082 | Lair:3   | Found a hole to the Spider Nest.
 15184 | Lair:3   | Reached skill level 12 in Conjurations
 15456 | Lair:3   | You fall into a shaft and drop 3 floors!
 15456 | Lair:6   | Entered Level 6 of the Lair of Beasts
 16108 | Lair:4   | Got a scorched rapier
 16109 | Lair:4   | Identified the ring "Jorudeo" {rPois rF+ Int+6 Slay-3
                  | Stlth-} (You found it on level 3 of the Lair of Beasts)
 16387 | Lair:4   | Got a pair of polished boots
 16398 | Lair:4   | Identified the cursed +0 pair of boots "Buushrath" {-Cast
                  | rPois Regen+ Stlth+} (You found it on level 4 of the Lair
                  | of Beasts)
 16398 | Lair:4   | Identified the +5 rapier "Fodomuso" {freeze, +Rage rF+
                  | Str+4} (You found it on level 4 of the Lair of Beasts)
 16591 | Lair:5   | Gained mutation: Your large and strong wings let you fly
                  | indefinitely. [Gargoyle growth]
 16591 | Lair:5   | Reached XP level 14. HP: 83/86 MP: 16/29
 16981 | Lair:5   | Learned a level 2 spell: Shroud of Golubria
 17398 | Lair:5   | Found a staircase to the Slime Pits.
 17398 | Lair:5   | Found a viscous altar of Jiyva.
 17910 | Lair:6   | Reached skill level 1 in Shields
 18535 | Lair:6   | Reached skill level 13 in Conjurations
 19072 | Lair:6   | Reached skill level 15 in Earth Magic
 20379 | D:11     | Reached skill level 10 in Fighting
 20379 | D:11     | Reached skill level 10 in Armour
 20380 | D:11     | Found a frozen archway.
 20388 | IceCv    | Entered an ice cave
 20853 | IceCv    | Reached XP level 15. HP: 72/92 MP: 3/31
 21043 | IceCv    | Found an ancient bone altar of Kikubaaqudgha.
 21686 | D:11     | Reached skill level 5 in Shields
 21778 | D:11     | Found a staircase to the Orcish Mines.
 22011 | D:11     | Found a runed translucent gate.
 22011 | D:11     | Found a runed translucent gate.
 22011 | D:11     | Found a runed translucent gate.
 22016 | D:11     | Noticed Relyufa's ghost (journeyman GrFi)
 22016 | D:11     | Noticed Aluyxir's ghost (journeyman DsBe)
 22017 | D:11     | Noticed Texkoz's ghost (journeyman KoHu)
 22017 | D:11     | Noticed Xeobumiy's ghost (journeyman SpAE)
 22539 | Orc:1    | Entered Level 1 of the Orcish Mines
 22718 | Orc:2    | Entered Level 2 of the Orcish Mines
 23314 | Orc:2    | Found a staircase to the Elven Halls.
 23333 | Orc:2    | Found a runed translucent door.
 23335 | Orc:2    | Found the +10 tower shield of Ignorance {rN+ Int-4}
 23345 | Orc:2    | Found a runed translucent door.
 23811 | Orc:2    | Found Junicis's Magic Scroll Shop.
 23814 | Orc:2    | Found Nusewop's Distillery.
 24676 | Orc:1    | Learned a level 4 spell: Iskenderun's Mystic Blast
 25029 | Orc:2    | Noticed an orc warlord
 25296 | Orc:1    | Killed an orc warlord
 25898 | Orc:2    | Reached skill level 14 in Conjurations
 26305 | Orc:2    | Found Ziux's Book Shoppe.
 26305 | Orc:2    | Found Feoteo's Antique Weapon Emporium.
 26306 | Orc:2    | Found a one-way gate leading to the halls of Pandemonium.
 26315 | Orc:2    | Bought a book of Power for 720 gold pieces
 26323 | Orc:2    | Learned a level 7 spell: Orb of Destruction
 26329 | Orc:2    | Learned a level 5 spell: Bolt of Magma
 26336 | Orc:2    | Learned a level 6 spell: Iron Shot
 27076 | D:12     | Found Woumach's Food Emporium.
 27079 | D:12     | Noticed Nessos
 27098 | D:12     | Killed Nessos
 27567 | D:13     | Found a gate to the Vaults.
 27567 | D:13     | Noticed Urug
 27985 | D:13     | Reached XP level 16. HP: 61/99 MP: 20/32
 28142 | D:13     | Killed Urug
 28253 | D:13     | Noticed Kirke
 28261 | D:13     | Killed Kirke
 28722 | D:13     | Got a smoking plate armour
 28723 | D:13     | Identified the cursed +1 plate armour of Plog {+Fly rF+
                  | MP-9 Int+5} (You found it on level 13 of the Dungeon)
 29493 | D:14     | Reached skill level 1 in Fire Magic
 29510 | D:14     | Noticed Jorgrun
 29515 | D:14     | Killed Jorgrun
 29861 | D:14     | Noticed Roxanne
 29866 | D:14     | Killed Roxanne
 29948 | D:14     | Identified the +3 quarterstaff of Midsummer {antimagic,
                  | rElec}
 30003 | D:14     | Got a dazzling hat
 30014 | D:14     | Identified the +2 hat of Classification {Dex+5} (You found
                  | it on level 14 of the Dungeon)
 30443 | D:15     | Entered Level 15 of the Dungeon
 31340 | D:15     | Found a shimmering altar of Xom.
 31481 | D:15     | Reached skill level 15 in Conjurations
 31816 | D:15     | Found a staircase to the Depths.
 31859 | D:15     | Found an iron altar of Okawaru.
 32299 | D:14     | Reached XP level 17. HP: 104/104 MP: 23/34
 32469 | Elf:1    | Entered Level 1 of the Elven Halls
 32708 | Elf:1    | Reached skill level 5 in Fire Magic
 33111 | Elf:1    | Found Laerroeje's Antique Armour Shop.
 33121 | Elf:1    | Found Sier's Food Shop.
 33193 | Elf:1    | Found Aguky's Jewellery Boutique.
 33201 | Elf:1    | Bought an uncursed ring of see invisible for 180 gold
                  | pieces
 33991 | Elf:1    | Identified the Incunabulum of Evil Rites
 34517 | Elf:2    | Found a glowing silver altar of Zin.
 34518 | Elf:2    | Found a ruined gateway.
 34518 | Elf:2    | Found a glowing golden altar of the Shining One.
 35065 | D:4      | Killed stil's ghost
 35248 | D:11     | Killed Xeobumiy's ghost
 35308 | D:11     | Killed Relyufa's ghost
 35369 | D:11     | Killed Aluyxir's ghost
 35373 | D:11     | Killed Texkoz's ghost
 35572 | D:6      | Killed DildoBatman's ghost
 35796 | Lair:2   | Killed doomsgape's ghost
 35888 | Spider:1 | Entered Level 1 of the Spider Nest
 36044 | Lair:3   | Reached skill level 1 in Ice Magic
 36351 | Spider:1 | Reached skill level 16 in Conjurations
 36368 | Spider:1 | Identified a scroll of acquirement
 36369 | Spider:1 | Acquired a book of Flames
 36376 | Spider:1 | Learned a level 4 spell: Sticky Flame
 36423 | Spider:1 | Reached XP level 18. HP: 80/112 MP: 0/36
 36586 | Spider:1 | Noticed Frances
 36609 | Spider:1 | Killed Frances
 37102 | Spider:1 | Got a shimmering scale mail
 37103 | Spider:1 | Identified the cursed +1 scale mail "Gyulug Fyis" {rC+}
                  | (You found it on level 1 of the Spider Nest)
 37863 | Spider:2 | Got an iridescent scythe
 37864 | Spider:2 | Identified the +1 scythe of Demonkind {venom, Int+3} (You
                  | found it on level 2 of the Spider Nest)
 39184 | Spider:4 | Entered Level 4 of the Spider Nest
 39351 | Spider:4 | Learned a level 4 spell: Hailstorm
 40978 | Spider:4 | Reached XP level 19. HP: 119/119 MP: 29/37
 41333 | Spider:4 | Got a gossamer rune of Zot
 41609 | Swamp:1  | Entered Level 1 of the Swamp
 41618 | Swamp:1  | Learned a level 2 spell: Blink
 42088 | Swamp:1  | Reached skill level 15 in Spellcasting
 43043 | Swamp:2  | Reached skill level 17 in Conjurations
 43220 | Swamp:2  | Noticed Donald
 43225 | Swamp:2  | Killed Donald
 43279 | Swamp:2  | Got a transparent leather armour
 43280 | Swamp:2  | Identified the cursed +0 leather armour "Jusmasch" {Int+5}
                  | (You found it on level 2 of the Swamp)
 45098 | Swamp:4  | Entered Level 4 of the Swamp
 46547 | Swamp:4  | Noticed the 27-headed Lernaean hydra
 46552 | Swamp:4  | Killed the 27-headed Lernaean hydra
 46779 | Swamp:4  | Got a decaying rune of Zot
 47365 | Depths:1 | Entered Level 1 of the Depths
 47471 | Depths:1 | Got a crude leather armour
 47482 | Depths:1 | Identified the +3 leather armour of Kykuacwesy {Dex+4
                  | Stlth+} (You found it on level 1 of the Depths)
 47531 | Depths:1 | Reached XP level 20. HP: 106/127 MP: 11/39
 48269 | Depths:1 | Reached skill level 10 in Shields
 48903 | Depths:1 | Identified the Disquisition on Dark Arts
 48914 | Depths:1 | Learned a level 1 spell: Animate Skeleton
 49069 | Depths:1 | Found a runed translucent door.
 49690 | Depths:1 | Found a gateway to Hell.
 50264 | Depths:2 | Found the +6 Majin-Bo {vamp, Archmagi MP+6 Int+6}
 50621 | Depths:1 | Reached skill level 18 in Conjurations
 50799 | Depths:2 | Reached skill level 15 in Fighting
 51729 | Depths:2 | Reached XP level 21. HP: 120/134 MP: 34/41
 53419 | Depths:2 | Found The Legendary Xewyream's Legendary Smithy.
 53444 | Depths:2 | Found Kuvoos's Slaves and Accessories.
 53723 | Depths:2 | Found Rachij Meny's Miraculous Elixirs.
 53738 | Depths:2 | Found Jack's Jerk-a-riffic Jerky.
 53916 | Depths:2 | Found a roughly hewn altar of Beogh.
 53942 | Depths:2 | Found an ancient bone altar of Kikubaaqudgha.
 54180 | Depths:2 | Noticed an ancient lich
 54183 | Depths:2 | Killed an ancient lich
 54260 | Depths:2 | Found an ancient bone altar of Kikubaaqudgha.
 55333 | Depths:3 | Noticed a caustic shrike
 55337 | Depths:3 | Killed a caustic shrike
 55337 | Depths:3 | Noticed a caustic shrike
 55340 | Depths:3 | Killed a caustic shrike
 55367 | Depths:3 | HP: 2/136 [spriggan berserker/+1 vorpal war axe (5)]
 56172 | Depths:3 | Reached XP level 22. HP: 142/142 MP: 36/42
 56172 | Depths:3 | Reached skill level 19 in Conjurations
 56533 | Depths:3 | Got a brightly glowing helmet
 56534 | Depths:3 | Identified the +0 helmet of a bazaar {rF+} (You found it on
                  | level 3 of the Depths)
 56759 | Depths:3 | You are sucked into a shaft and drop 2 floors!
 56759 | Depths:5 | Entered Level 5 of the Depths
 56961 | Depths:5 | Learned a level 9 spell: Shatter
 57107 | Depths:4 | Found a one-way gate to the infinite horrors of the Abyss.
 57690 | Depths:3 | Found Voqezif's Jewellery Shop.
 57690 | Depths:3 | Found Wumox's Gadget Emporium.
 57691 | Depths:3 | Found Hojedag's Jewellery Shop.
 57711 | Depths:3 | Found a gateway to a ziggurat.
 58157 | Depths:4 | Noticed a caustic shrike
 58163 | Depths:4 | Killed a caustic shrike
 58784 | Depths:4 | Noticed a juggernaut
 58789 | Depths:4 | Noticed a golden dragon
 59179 | Depths:4 | Killed a juggernaut
 59866 | Depths:4 | Found Uworevagh's Armour Boutique.
 60100 | Depths:4 | Got a fine flail
 60101 | Depths:4 | Identified the +9 flail of Obsession {vorpal, rC+ MR+
                  | Dex+2} (You found it on level 4 of the Depths)
 60122 | Depths:4 | Killed a golden dragon
 60122 | Depths:4 | Reached XP level 23. HP: 140/149 MP: 41/44
 61509 | Depths:5 | Found a gate to the Realm of Zot.
 61548 | Depths:5 | Noticed a golden dragon
 61556 | Depths:5 | Killed a golden dragon
 61571 | Depths:5 | Reached skill level 15 in Armour
 61976 | Depths:5 | Reached skill level 20 in Conjurations
 62680 | Elf:2    | Found a white marble altar of Elyvilon.
 62782 | Elf:2    | Identified the +8 falchion "Inequgg" {speed, MP+9}
 62951 | Elf:2    | Found Fyaki's Elven Fire.
 63002 | Elf:2    | Found Heevupak's Assorted Antiques.
 63075 | Elf:2    | Found a runed translucent gate.
 63078 | Elf:2    | Found a runed translucent gate.
 63078 | Elf:2    | Found a runed translucent gate.
 63267 | Elf:2    | Found an ancient bone altar of Kikubaaqudgha.
 64134 | Elf:3    | Entered Level 3 of the Elven Halls
 64357 | Elf:3    | Found Yqonurchy's Assorted Antiques.
 64855 | Elf:3    | Reached XP level 24. HP: 154/157 MP: 44/45
 65077 | Elf:3    | Identified the +8 hand axe of Bouryjoh {vorpal, Dex+4}
 65082 | Elf:3    | Identified the ring "Uryuwk" {+Fly rPois rF+ MR+}
 65163 | Elf:3    | Identified the ring of the Dripping Saviour {+Fly rElec
                  | Str+5 Dex+3}
 65165 | Elf:3    | Identified the +2 scale mail of Taiba {Int+2 Dex+3}
 65165 | Elf:3    | Identified the ring of the Singing Coward {rElec rPois
                  | EV+4}
 65173 | Elf:3    | Identified the ring of Vamut {*Tele +Inv Dex+7}
 65585 | Elf:3    | Identified the +5 short sword "Xyrphywk" {drain, Dex+3 SInv
                  | Stlth-}
 65732 | Elf:3    | Identified the Guide on the Bewitching Escort
 65737 | Elf:3    | Identified the Incunabulum of Transformation and the
                  | Volcanoes
 65960 | Elf:3    | Got a faintly glowing garnet amulet
 65961 | Elf:3    | Identified the amulet "Monut" {Faith rElec} (You found it
                  | on level 3 of the Elven Halls)
 66417 | Hell     | Entered the Vestibule of Hell
 66417 | Hell     | Noticed Geryon
 66685 | Hell     | Killed Geryon
 66759 | Hell     | Found a gateway to the freezing wastes of Cocytus.
 67542 | Hell     | Found a gateway to the decaying netherworld of Tartarus.
 67755 | Hell     | Found a gateway to the ashen valley of Gehenna.
 67886 | Hell     | Found a gateway to the Iron City of Dis.
 67970 | Geh:1    | Entered Level 1 of Gehenna
 69040 | Geh:1    | Reached skill level 21 in Conjurations
 70045 | Geh:1    | Reached skill level 1 in Evocations
 70633 | Geh:2    | Reached skill level 10 in Fire Magic
 71386 | Geh:2    | Reached XP level 25. HP: 163/163 MP: 19/45
 74100 | Geh:3    | Reached skill level 22 in Conjurations
 74623 | Coc:1    | Entered Level 1 of Cocytus
 74678 | Coc:1    | Noticed a shard shrike
 74680 | Coc:1    | Killed a shard shrike
 74745 | Dis:1    | Entered Level 1 of the Iron City of Dis
 75009 | Dis:1    | Reached XP level 26. HP: 149/168 MP: 39/46
 75589 | Dis:1    | Reached skill level 5 in Stealth
 77255 | Vaults:1 | Entered Level 1 of the Vaults
 78287 | Vaults:1 | Acquired the ring "Wyanuep" {Fire Int+2 SInv Stlth+}
 78589 | Vaults:1 | Found Surazaps's General Store.
 78891 | Vaults:1 | Reached skill level 23 in Conjurations
 79229 | Vaults:2 | Got a pitted great sword
 79230 | Vaults:2 | Identified the +1 great sword of the Tent {vorpal, rPois
                  | rF- Str+3 Int-2 Dex+9} (You found it on level 2 of the
                  | Vaults)
 79365 | Vaults:2 | Got a steaming battleaxe
 79366 | Vaults:2 | Identified the cursed +3 battleaxe of Fysan {drain, rN+
                  | MR+++ Int-5 Stlth+} (You found it on level 2 of the Vaults)
 80032 | Vaults:2 | Found a staircase to the Crypt.
 80084 | Vaults:2 | Reached XP level 27. HP: 176/176 MP: 42/47
 80380 | Vaults:2 | Found Niphoip's Weapon Shoppe.
 80611 | Vaults:2 | Got a warped ring mail
 80622 | Vaults:2 | Identified the cursed +0 ring mail of Uskayaw {*Drain rElec
                  | MR++ rCorr} (You found it on level 2 of the Vaults)
 81087 | Vaults:2 | Noticed Jory
 81097 | Vaults:2 | Killed Jory
 83590 | Vaults:3 | Found an ornate altar of the Wu Jian Council.
 85528 | Vaults:5 | Entered Level 5 of the Vaults
 85529 | Vaults:5 | Reached skill level 24 in Conjurations
 88089 | Vaults:5 | Learned a level 2 spell: Swiftness
 88099 | Vaults:5 | Learned a level 9 spell: Fire Storm
 89022 | Vaults:5 | Got a silver rune of Zot
 89025 | Vaults:5 | Got a warped chain mail
 89026 | Vaults:5 | Identified the +9 chain mail "Ucanuc" {rC+ MR+ Regen+} (You
                  | found it on level 5 of the Vaults)
 89140 | Vaults:5 | Got an encrusted ring mail
 89141 | Vaults:5 | Identified the +4 ring mail of Good Intentions {Regen+}
                  | (You found it on level 5 of the Vaults)
 89517 | Zot:1    | Entered Level 1 of the Realm of Zot
 89900 | Zot:1    | Reached skill level 25 in Conjurations
 90118 | Zot:1    | Got a faintly glowing leather armour
 90119 | Zot:1    | Identified the +3 leather armour "Jitrys" {rElec Regen+
                  | Int+4} (You found it on level 1 of the Realm of Zot)
 91608 | Zot:2    | Reached skill level 15 in Fire Magic
 95127 | Zot:4    | Got a warped chain mail
 95128 | Zot:4    | Identified the +1 chain mail of Beastly Awe {Harm *Drain
                  | rCorr Str+3} (You found it on level 4 of the Realm of Zot)
 96211 | Zot:5    | Entered Level 5 of the Realm of Zot
 96231 | Zot:5    | Noticed an orb of fire
 96242 | Zot:5    | Killed an orb of fire
 96242 | Zot:5    | Reached skill level 26 in Conjurations
 97483 | Zot:5    | Noticed an ancient lich
 97488 | Zot:5    | Killed an ancient lich
 97503 | Zot:5    | Noticed an ancient lich
 97517 | Zot:5    | Noticed an orb of fire
 97517 | Zot:5    | Noticed an orb of fire
 97517 | Zot:5    | Noticed an orb of fire
 97548 | Zot:5    | Gained mutation: You are dopey. (Int -2) [an orb of fire]
 97555 | Zot:5    | Killed an orb of fire
 98365 | Zot:5    | Killed an ancient lich
 98367 | Zot:5    | Gained mutation: Your spells are a little easier to cast,
                  | but a little less powerful. [an orb of fire]
 98954 | Zot:5    | Gained mutation: You are agile. (Dex +2) [an orb of fire]
 98956 | Zot:5    | Gained mutation: Your body sometimes deteriorates upon
                  | taking damage. [an orb of fire]
 98964 | Zot:5    | HP: 3/182 [orb of fire/fireball (19)]
 98971 | Zot:5    | HP: 2/182 [orb of fire/fireball (18)]
 98971 | Zot:5    | Killed from afar by an orb of fire

Illustrated notes

Levels and vault maps discovered:
D:1:      scummos_arrival_gate, layout_loops_corners, dk_noncrumbling_3,
          minmay_worlds_worst_comb
D:2:      layout_rooms, zin_angel, marbit_many_paths, overflow_temple_1_default,
          lemuel_coloured_pillars_altar, minivault_14, interstate_on_off,
          uniq_natasha
D:3:      layout_rooms, first_ration, nemelex_lonely_heart_becter
D:4:      layout_cave_pools, gammafunk_ghost_nasty_kobolds, serial_shops,
          nicolae_shop_statue_plus, serial_bayou_pond_b
D:5:      layout_loops_ring, kennysheep_little_box, minmay_misc_feat_ornament,
          minmay_liquid_box, uniq_edmund, uniq_eustachio, uniq_pikel
D:6:      layout_loops_ring, gammafunk_ghost_smash, serial_shops, shop,
          enter_ossuary_5, chequers_serial_rivers_small_3
D:7:      layout_rooms, gammafunk_temple_overflow_claw,
          minmay_temple_entry_grid, uniq_prince_ribbit1
D:8:      layout_loops_ring, led_sif_book, hangedman_pestilent_swarm,
          uniq_harold, uniq_joseph
D:9:      layout_roguey, kennysheep_mini
D:10:     layout_cave_pools, david_lair_generic, uniq_josephine
D:11:     layout_rooms, orc_0_dummy, gammafunk_ghost_cemetery,
          portal_ice_cave_rime, roderic_lattice_a, minmay_puff
D:12:     layout_gridville, serial_shops, shop, uniq_nessos
D:13:     layout_basic, david_vaults_3, einodemon_barbed_minivault, uniq_kirke
D:14:     layout_basic, minmay_staircase_windowed_large, uniq_jorgrun,
          uniq_roxanne
D:15:     gammafunk_enter_depths_forms, layout_rooms, okawaru_ov_weapons_minmay,
          kb_xom_exploding_sheep
Temple:   hc_temple_tempest_star
Lair:1:   layout_chaotic_city, nicolae_volcano_entry_s_turn,
          beast_lair_carwin_8, grunt_megastairs_4
Lair:2:   layout_regular_city, nicolae_swamp_entry_splash_gauntlet,
          gammafunk_ghost_split, wad_woods_02, uniq_fannar, uniq_erica
Lair:3:   layout_roguey, nicolae_spider_entry_tight_spaces, grunt_megastairs_2
Lair:4:   layout_regular_city
Lair:5:   layout_big_grid, slime_altar_1, serial_bayou_shore_b
Lair:6:   evilmike_catoblepas_cave, layout_layer_cave,
          nicolae_lair_grove_arrangements
Swamp:1:  layout_basic_swamp, evilmike_swamp_ruin_rubble_1
Swamp:2:  layout_falls_marsh, hangedman_swamp_ruin_hall, uniq_donald
Swamp:3:  layout_falls_marsh, evilmike_swamp_ruin_house_4, swamp_pool1,
          infiniplex_staircase_pool
Swamp:4:  swamp_old_school, layout_basic_swamp, swamp_pool1
Spider:1: layout_spider_delve, uniq_frances
Spider:2: layout_spider_delve, nicolae_spider_cling_halls
Spider:3: layout_spider_delve
Spider:4: spider_rune_water, nicolae_spider_webbed_stairs
Orc:1:    layout_caves, basic_altar, gammafunk_ghost_arena, uniq_erolcha
Orc:2:    pf_orc_diabolical, layout_caves, chequers_guarded_unrand_ignorance
Elf:1:    layout_loops_corners, serial_shops, shop, shop,
          nicolae_shop_behind_doors, minmay_elf_necromancy,
          hangedman_elf_disciples
Elf:2:    layout_geoelf_diagonals, basic_altar,
          portal_desolation_entry_holy_temple, serial_shops, shop,
          minmay_misc_feat_alley, guppyfry_elf_lava
Elf:3:    elf_hall_gauntlet_narrow, layout_rooms, serial_shops,
          nicolae_shop_competitors_out_of_business
Vaults:1: vaults_room_fancy_cross, grunt_vaults_focal,
          vaults_mumra_chevron_long, v_rooms_1, nicolae_vaults_alarming,
          grunt_vaults_funnel, nicolae_vaults_little_ls,
          layout_vaults_chaotic_city, serial_shops, shop
Vaults:2: v_misc_10, st_spiral_rooms, hangedman_vaults_variations,
          vaults_dpeg_cross, v_misc_13, hangedman_vaults_stretched_pinwheel,
          grunt_vaults_diagonal, hangedman_vaults_trim,
          vaults_mumra_minichess_inversion, v_alt_pattern_2,
          ontoclasm_vaults_loading_screen, minmay_crypt_entry_simple_box,
          v_misc_3, ontoclasm_vaults_loading_screen, layout_vaults_omnicross,
          serial_shops, nicolae_shop_crystal, uniq_jory
Vaults:3: nicolae_vaults_hallways_thing, ontoclasm_vaults_claustrophobia,
          v_misc_19, serial_ice_h, v_misc_12, nicolae_vaults_disjoint_gnomons,
          v_misc_25, v_misc_12, ontoclasm_vaults_gallery,
          hangedman_vaults_river_flow, nicolae_vaults_mini_display_case,
          vaults_room_fours, nicolae_vaults_diagonal_hallway_6,
          nicolae_vaults_asterisk, nicolae_vaults_little_squares_5,
          layout_vaults_maze, basic_altar
Vaults:4: serial_ice_h, grunt_vaults_twisty, vaults_standard_mumra_x,
          nicolae_vaults_network_s, ontoclasm_vaults_loading_screen,
          nicolae_vaults_border_crossing, layout_vaults_quadrants
Vaults:5
Depths:1: layout_roguey, rand_demon_pan_entry_4, hangedman_coc_ice_floe,
          special_room [special_room_morgue], minmay_hidden_floor
Depths:2: grated_community_mu [grated_community_mu_vampire_home,
          grated_community_mu_giant_home, grated_community_mu_spellcaster_home,
          grated_community_mu_orcish_home, grated_community_mu_troll_home,
          grated_community_mu_taur_home, grated_community_mu_unbuilt_plot],
          layout_cave_shapes, grunt_hell_horde, minmay_crystal_room
Depths:3: minmay_the_grid_square_5x5_4x4_mashed
          [minmay_the_grid_square_5x5_six_small,
          minmay_the_grid_square_5x5_inset,
          minmay_the_grid_square_5x5_beaten_path,
          minmay_the_grid_square_5x5_two_walls_a,
          minmay_the_grid_square_5x5_inner_z,
          minmay_the_grid_square_5x5_prize_gold,
          minmay_the_grid_square_5x5_prize_itemx,
          minmay_the_grid_square_5x5_three, minmay_the_grid_square_5x5_meh,
          minmay_the_grid_square_5x5_prize_junk,
          minmay_the_grid_square_5x5_prize_deathbox,
          minmay_the_grid_square_5x5_detours,
          minmay_the_grid_square_5x5_inner_i,
          minmay_the_grid_square_5x5_eight_small,
          minmay_the_grid_square_5x5_six,
          minmay_the_grid_square_5x5_two_walls_b], layout_cave_pools,
          enter_ziggurat_e, minmay_misc_feat_nine_boxes, grunt_pan_entry_spiral,
          hell_entry, ebering_dispersal_statue_hall,
          infiniplex_staircase_zigzag_4, minmay_shop_grove
Depths:4: minmay_dotted_concentric_squares, layout_basic, serial_shops,
          shop_coins, hell_entry, grunt_decor_one_mirror, abyss_entry,
          minmay_fractal_squares_diagonal_5, minmay_staircase_bubble
Depths:5: evilmike_zot_entry_diamond, layout_gridville, hangedman_decor_growths,
          pan_entry, grunt_hell_entry_dis_mu
Hell
Dis:1:    layout_jigsaw
Dis:2:    layout_subdivisions
Dis:3:    layout_subdivisions, grunt_megastairs_5
Geh:1:    layout_gehenna_pools_basic, hangedman_elemental_grid_stream
Geh:2:    layout_gehenna_lava_caves
Geh:3:    layout_gehenna_lava_caves
Geh:4:    layout_gehenna_lava_caves
Coc:1:    layout_cocytus_water_paths
Zot:1:    layout_basic
Zot:2:    kennysheep_blocky_hall, layout_onion_interference,
          hangedman_swamp_dais
Zot:3:    layout_concentric_octagons
Zot:4:    layout_misc_corridors
Zot:5:    layout_misc_corridors

Skill      XL: |  1  2  3  4  5  6  7  8  9 10 11 12 13 14 15 16 17 18 19 20 21 22 23 24 25 26 27 |
---------------+----------------------------------------------------------------------------------+-----
Earth Magic    | 4 5 7 9 10 11 13 14 15 16 17 18 19 20 21 22 | 22.0
Fighting       | 1 2 3 4 5 6 7 8 9 10 11 12 13 14 15 16 17 18 21 | 21.2
Armour         | 1 2 3 4 5 6 7 8 9 10 11 12 13 14 15 16 19 | 19.8
Spellcasting   | 3 4 5 6 8 9 10 11 12 13 14 15 16 17 18 19 20 23 | 23.2
Conjurations   | 1 4 5 6 8 9 11 12 13 14 15 16 17 18 19 20 21 22 23 26 | 26.4
Shields        | 4 7 8 9 10 | 10.0
Fire Magic     | 4 6 7 10 12 16 | 16.2
Ice Magic      | 1 |  1.8
Evocations     | 2 4 |  4.7
Stealth        | 4 7 8 |  8.1
Dodging        | |  1.6
Transmutations | |  0.7

Action                   |  1- 3 |  4- 6 |  7- 9 | 10-12 | 13-15 | 16-18 | 19-21 | 22-24 | 25-27 || total
-------------------------+-------+-------+-------+-------+-------+-------+-------+-------+-------++-------
Melee: Dagger            |     5 |       |       |       |       |       |       |       |       ||     5
       Short sword       |     9 |    17 |       |       |       |       |       |       |       ||    26
       Falchion          |       |    66 |    37 |       |       |       |       |       |     3 ||   106
       Trident           |       |       |    32 |    10 |       |       |       |       |       ||    42
       Rapier            |       |       |       |   117 |   415 |   124 |   121 |    61 |   107 ||   945
Throw: Stone             |       |       |       |       |     1 |       |       |       |       ||     1
 Cast: Sandblast         |    44 |    87 |    61 |   104 |   193 |   294 |    76 |    92 |   173 ||  1124
       Stone Arrow       |       |     3 |    63 |   171 |   100 |   120 |   296 |    52 |   100 ||   905
       Searing Ray       |       |       |       |     1 |     1 |       |       |       |       ||     2
       Lee's Rapid Decon |       |       |       |    34 |   286 |   320 |   223 |   460 |   746 ||  2069
       Sting             |       |       |       |       |     1 |       |       |       |       ||     1
       Orb of Destructio |       |       |       |       |     4 |    33 |   113 |    59 |    93 ||   302
       Shroud of Golubri |       |       |       |       |     3 |       |     2 |       |       ||     5
       Iskenderun's Myst |       |       |       |       |     3 |       |       |       |       ||     3
       Iron Shot         |       |       |       |       |       |    22 |   102 |   199 |   594 ||   917
       Bolt of Magma     |       |       |       |       |       |     3 |    33 |       |     1 ||    37
       Passwall          |       |       |       |       |       |     4 |       |       |       ||     4
       Animate Skeleton  |       |       |       |       |       |       |    37 |    46 |    21 ||   104
       Hailstorm         |       |       |       |       |       |       |     2 |     2 |       ||     4
       Blink             |       |       |       |       |       |       |     1 |     4 |     4 ||     9
       Shatter           |       |       |       |       |       |       |       |     2 |    15 ||    17
       Swiftness         |       |       |       |       |       |       |       |       |     8 ||     8
 Abil: Evoke Flight      |       |       |       |     1 |       |       |       |       |       ||     1
       Fly               |       |       |       |       |     1 |     1 |       |       |       ||     2
       Stop Flying       |       |       |       |       |     1 |       |       |       |       ||     1
Evoke: Wand              |       |       |       |       |     5 |     4 |     2 |     4 |     6 ||    21
  Use: Scroll            |       |     5 |    15 |     3 |    11 |    10 |     5 |     9 |    14 ||    72
       Potion            |       |     3 |     4 |     5 |     5 |       |     6 |       |    12 ||    35
 Stab: Sleeping          |     1 |     1 |     7 |     2 |       |       |       |       |       ||    11
       Distracted        |       |       |       |       |       |       |       |       |     2 ||     2
  Eat: Chunk             |     2 |     8 |     9 |    17 |    31 |    24 |    27 |     7 |    47 ||   172
       Ration            |       |       |     1 |     2 |     8 |     8 |    14 |    13 |    14 ||    60
Armor: Robe              |     8 |    42 |       |       |       |       |       |       |       ||    50
       Leather armour    |       |     6 |    43 |   136 |   502 |   407 |   398 |   466 |   533 ||  2491
       Ice dragon scales |       |       |       |       |       |       |       |       |   139 ||   139
Dodge: Dodged            |    15 |   115 |   104 |   242 |   417 |   289 |   214 |   228 |   319 ||  1943
Block: Buckler           |       |       |       |       |   129 |   173 |    23 |       |       ||   325
       Kite shield       |       |       |       |       |       |       |   276 |   338 |   436 ||  1050
       Rpst.: Falchion   |       |    15 |    23 |       |       |       |       |       |     6 ||    44
